 Dungeon Crawl Stone Soup version 0.30-a0-840-ga523dec638 (webtiles) character file.

Game seed: 10136095372084531092

608 cforsyth the Sneak (level 7, 0/44 HPs)
             Began as a Kobold Brigand on Mar 1, 2023.
             Slain by a killer bee (5 damage)
             ... on level 5 of the Dungeon.
             The game lasted 00:06:59 (4678 turns).

cforsyth the Sneak (Kobold Brigand)                 Turns: 4678, Time: 00:06:59

Health: 0/44       AC: 13    Str:  8    XL:     7   Next: 71%
Magic:  7/7        EV: 17    Int: 12    God:
Gold:   261        SH:  0    Dex: 19    Spells: 6/6 levels left

rFire   . . .      SeeInvis .    u - +3 short sword (protect)
rCold   . . .      Faith    .    (no shield)
rNeg    . . .      Spirit   .    b - +0 robe
rPois   .          Reflect  .    l - +0 helmet
rElec   .          Harm     .    c - +0 cloak
rCorr   .          Rampage  .    x - +0 pair of gloves
Will    .....                    h - +0 pair of boots
Stlth   +++++                    (no amulet)
HPRegen 0.27/turn                (no ring)
MPRegen 0.10/turn                (no ring)

@: lethally poisoned (0 -> -8), under a protective aura
A: small, no large weapons, nightstalker 3
a: no special abilities


You were on level 5 of the Dungeon.
You visited 1 branch of the dungeon, and saw 5 of its levels.
You also visited: Sewer.

You collected 261 gold pieces.

Inventory:

Hand Weapons
 a - a +2 dagger
 o - a +3 rapier
 u - a +3 short sword of protection (weapon)
Missiles
 d - 34 poisoned darts (quivered)
 e - 3 curare-tipped darts
Armour
 b - a +0 robe (worn)
 c - a +0 cloak (worn)
 h - a +0 pair of boots (worn)
 l - a +0 helmet (worn)
 x - a +0 pair of gloves (worn)
Jewellery
 f - an amulet of guardian spirit
 m - a +6 ring of dexterity
Scrolls
 s - a scroll of fear
 t - a scroll of identify
 y - a scroll of teleportation
Potions
 g - a potion of might {unknown}
 i - a potion of berserk rage {unknown}
 j - 2 potions of flight
 k - 2 potions of heal wounds
 n - 4 potions of curing
 p - a potion of cancellation {unknown}
 q - 2 potions of invisibility {unknown}
 r - 2 potions of experience {unknown}
 v - a potion of attraction {unknown}
 w - a potion of haste


   Skills:
 + Level 4.7 Fighting
 + Level 5.7 Short Blades
 - Level 2.1 Throwing
 + Level 4.6 Dodging
 + Level 7.7 Stealth


You had 6 spell levels left.
You didn't know any spells.
Your spell library contained the following spells:

 Spells                   Type           Power      Damage    Failure   Level
 Lesser Beckoning         Tloc           0%         N/A       45%         2
 Gell's Gravitas          Tloc           0%         N/A       69%         3
 Teleport Other           Tloc           0%         N/A       69%         3
 Summon Ice Beast         Ice/Summ       0%         N/A       97%         4
 Summon Mana Viper        Hex/Summ       0%         N/A       100%        5
 Monstrous Menagerie      Summ           0%         N/A       100%        7


Dungeon Overview and Level Annotations

Branches:
Dungeon (5/15)              Sewer (visited)
 Temple: D:4-7

Altars:
Okawaru
Yredelemnul
Zin


Innate Abilities, Weirdness & Mutations

You are small and have problems with some larger weapons.
You are completely attuned to the shadows.


Message History

The killer bee is severely wounded.
You feel sick. The killer bee closely misses you. x2
The killer bee barely misses you.
You are too injured to fight recklessly!
You are too injured to fight recklessly!
You are too injured to fight recklessly!
You are too injured to fight recklessly!
You are too injured to fight recklessly!
You are too injured to fight recklessly!
You are too injured to fight recklessly!
You are too injured to fight recklessly!
You are too injured to fight recklessly!
You are too injured to fight recklessly!
You closely miss the killer bee.
The killer bee is severely wounded.
You feel sick.
The killer bee stings you but does no damage.
The killer bee stings you.
You are more poisoned.
The killer bee poisons you! The killer bee misses you.
The killer bee stings you but does no damage.
The killer bee stings you. The killer bee misses you.
You miss the killer bee.
The killer bee is severely wounded.
You feel sick. The killer bee stings you.
* * * LOW HITPOINT WARNING * * *
The killer bee completely misses you. The killer bee barely misses you.
You barely miss the killer bee.
The killer bee is severely wounded.
* * * LOW HITPOINT WARNING * * *
You feel very sick.
The killer bee stings you but does no damage.
The killer bee stings you.
* * * LOW HITPOINT WARNING * * *
The killer bee stings you but does no damage.
You miss the killer bee.
The killer bee is severely wounded.
* * * LOW HITPOINT WARNING * * *
You feel sick. The killer bee stings you.
You die...

.#..#####.#
.##..(.##.#
.##.##.##.# #######
.##.##.##.###......#
#.##.....$.......#
#.#####.##...)...#
#.##.......#
#.###)))...# #.#
#..y@..# #...yy.#
..........
##.......# #.......#


You could see 3 killer bees.

Vanquished Creatures
  An ice beast (D:4)
  An ogre (D:4)
  A kobold brigand (Sewer)
  A hound (D:5)
  2 orc priests
  Natasha (twice) (D:4)
  An orc wizard (D:5)
  2 river rats (Sewer)
  6 adders
  An ufetubus (D:4)
  3 worms
  2 dart slugs
  8 orcs
  6 ball pythons
  2 bats
  3 endoplasms
  4 giant cockroaches
  9 goblins
  8 hobgoblins
  11 jackals
  7 quokkas
  6 frilled lizards
  12 kobolds
  8 rats
  A spectral hobgoblin (D:1)
108 creatures vanquished.

Vanquished Creatures (others)
  5 plants (D:2)
5 creatures vanquished.

Grand Total: 113 creatures vanquished

Notes
Turn   | Place    | Note
-------+----------+-------------------------------------------
     0 | D:1      | cforsyth the Kobold Brigand began the quest for the Orb.
     0 | D:1      | Reached XP level 1. HP: 12/12 MP: 1/1
   222 | D:1      | Found a faded altar of an unknown god.
   299 | D:1      | Reached XP level 2. HP: 18/18 MP: 2/2
   785 | D:1      | Reached XP level 3. HP: 22/22 MP: 3/3
  1235 | D:2      | Reached XP level 4. HP: 27/27 MP: 4/4
  1519 | D:2      | Reached skill level 6 in Stealth
  2246 | D:3      | Found a glowing drain.
  2253 | Sewer    | Entered a sewer
  2256 | Sewer    | Reached XP level 5. HP: 32/32 MP: 5/5
  2525 | Sewer    | Noticed a kobold brigand
  2546 | Sewer    | Killed a kobold brigand
  2559 | Sewer    | Reached XP level 6. HP: 25/35 MP: 6/6
  2597 | Sewer    | Found a white marble altar of Elyvilon.
  3570 | D:4      | Noticed an ice beast
  3574 | D:4      | Killed an ice beast
  3575 | D:4      | Reached skill level 7 in Stealth
  3675 | D:4      | Noticed Natasha
  3683 | D:4      | Killed Natasha
  3684 | D:4      | Reached skill level 5 in Short Blades
  3692 | D:4      | Reached XP level 7. HP: 13/43 MP: 7/7
  3888 | D:4      | Found a basalt altar of Yredelemnul.
  3888 | D:4      | Found a glowing silver altar of Zin.
  3962 | D:4      | Found an iron altar of Okawaru.
  4210 | D:4      | Noticed Natasha
  4224 | D:4      | Killed Natasha
  4588 | D:5      | Entered Level 5 of the Dungeon
  4678 | D:5      | Slain by a killer bee

Illustrated notes

Levels and vault maps discovered:
D:1:      minmay_arrival_widening_spiral_narrow, layout_loops_ring,
          dreamdust_ecumenical_altar_drowned_temple
D:2:      layout_rooms, serial_bayou_ford_a, chequers_mini_garden,
          grunt_decor_resistance
D:3:      layout_basic, gup_sewer_entry_bubbles
D:4:      layout_gridville, mainiacjoe_overflow_alcove_2,
          gammafunk_temple_overflow_elements, grunt_tough_drop, uniq_natasha
D:5:      black_bear_nest_2, layout_rooms, grunt_dithmenos_smoke_and_mirrors,
          minmay_temple_entry_waves

Skill      XL: |  1  2  3  4  5  6 |
---------------+-------------------+-----
Short Blades   | 3 4 5 |  5.7
Dodging        | 2 3 4 |  4.6
Fighting       | 3 4 |  4.7
Stealth        | 6 7 |  7.7
Throwing       | |  2.1

Action                     |  1- 3 |  4- 6 |  7- 9 || total
---------------------------+-------+-------+-------++-------
  Melee: Dagger            |    72 |   214 |       ||   286
         Punch             |     1 |     1 |     2 ||     4
         Short sword       |       |    25 |    92 ||   117
         Rapier            |       |     7 |       ||     7
    Use: Scroll            |       |     4 |       ||     4
         Potion            |       |     2 |       ||     2
   Stab: Sleeping          |    16 |    25 |     2 ||    43
         Distracted        |       |     1 |     1 ||     2
 Armour: Robe              |    15 |    40 |    30 ||    85
  Dodge: Dodged            |    49 |   183 |    73 ||   305

Table legend: (Time is in decaauts)
 A = Elapsed time spent in this place.
 B = Non-inter-level travel time spent in this place.
 C = Inter-level travel time spent in this place.
 D = Time resting spent in this place.
 E = Time spent auto-exploring this place.
 F = Levels seen in this place.
 G = Mean time per level.
                   A        B        C        D        E       F      G
               +--------+--------+--------+--------+--------+-----+--------+
         Total |   4681 |   4471 |    210 |    305 |   3136 |   6 |  780.2 |
       Dungeon |   4249 |   4039 |    210 |    139 |   2974 |   5 |  849.8 |
         Sewer |    432 |    432 |      0 |    166 |    161 |   1 |  432.0 |
               +--------+--------+--------+--------+--------+-----+--------+

Top non-repeatable levels by time:
     D:3: 1174 daAuts
     D:4: 1151 daAuts
     D:1: 984 daAuts
     D:2: 861 daAuts
   Sewer: 432 daAuts
     D:5: 77 daAuts
